 Dungeon Crawl Stone Soup version 0.31.0-32-g396128a36d (webtiles) character file.

Game seed: 18189627305126456734

27 chippings the Digger (level 2, 0/24 HPs)
             Began as a Draconian Wanderer on Apr 22, 2024.
             Slain by Robin
             ... wielding a +6 club
              (4 damage)
             ... on level 2 of the Dungeon.
             The game lasted 00:02:20 (827 turns).

chippings the Digger (Draconian Wanderer)            Turns: 827, Time: 00:02:21

Health: 0/24       AC:  4    Str: 11    XL:     2   Next: 93%
Magic:  4/4        EV: 11    Int: 15    God:
Gold:   16         SH:  0    Dex: 10    Spells: 2/3 levels left

rFire   . . .        e - +0 short sword (venom)
rCold   . . .        (no shield)
rNeg    . . .        (body armour unavailable)
rPois   .            (helmet restricted)
rElec   .            (no cloak)
rCorr   .            (no gloves)
SInv    .            (no boots)
Will    .....        (no amulet)
Stlth   ++           (no ring)
HPRegen 0.24/turn    (no ring)
MPRegen 0.09/turn

%: no passive effects
@: invisible
A: AC +4, unfitting armour, cold-blooded
a: no special abilities


You were on level 2 of the Dungeon.
You visited 1 branch of the dungeon, and saw 2 of its levels.

You collected 16 gold pieces.

Inventory:

Hand Weapons
 e - a +0 short sword of venom (weapon)
Missiles
 h - 6 curare-tipped darts (quivered)
Scrolls
 a - a scroll of fear {unknown}
 d - 4 scrolls of identify {unknown}
Potions
 c - a potion of mutation
 f - a potion of cancellation {unknown}
 g - a potion of haste {unknown}


   Skills:
 + Level 1.7 Fighting
 + Level 0.2 Short Blades
 + Level 0.1 Dodging
 + Level 1.4 Stealth
 + Level 1.3 Spellcasting
 - Level 2.0 Conjurations
 + Level 4.1 Earth Magic
 + Level 0.8 Alchemy
 - Level 1.0 Invocations


You had 2 spell levels left.
You knew the following spells:

 Your Spells              Type           Power      Damage    Failure   Level
a - Sandblast             Erth           26%        2d8       4%          1

Your spell library contained the following spells:

 Spells                   Type           Power      Damage    Failure   Level
 Foxfire                  Conj/Fire      16%        2x1d4     16%         1
 Passwall                 Erth           13%        N/A       13%         3
 Hailstorm                Conj/Ice       4%         3d5       43%         3
 Petrify                  Alch/Erth      8%         N/A       63%         4


Dungeon Overview and Level Annotations

Branches:
Dungeon (2/15)

Altars:

Annotations:
D:1 1 transporter
D:2 Robin


Innate Abilities, Weirdness & Mutations

Your plain brown scales are hard. (AC +4)
You cannot fit into any form of body armour.
You are cold-blooded and may be slowed by cold attacks.


Message History

You hit Robin but do no damage.
Robin is poisoned.
You completely miss Robin.
A hobgoblin comes into view.
Robin hits you with a +6 club.
You are too injured to fight recklessly!
You barely miss Robin. Robin closely misses you.
You barely miss Robin.
Robin is lightly wounded.
The hobgoblin no longer looks unusually strong.
Robin closely misses you.
You barely miss Robin.
Robin is lightly wounded.
Robin hits you with a +6 club!
* * * LOW HITPOINT WARNING * * *
You hit Robin but do no damage.
Robin looks as sick as possible!
Robin is lightly wounded.
The goblin no longer looks unusually strong.
Robin roars a battlecry!
The goblins go into a battle-frenzy!
A jackal comes into view.
You hear a shout!
You fade into invisibility!
Robin hits you but does no damage.
A goblin comes into view. It is wielding a +0 dagger.
You see here a +0 dagger.
You hit Robin.
Robin is heavily wounded.
The hobgoblin no longer looks unusually strong.
A goblin comes into view. It is wielding a +0 dagger.
Robin closely misses you.
You barely miss Robin.
Your tail-slap misses Robin.
Robin is severely wounded.
Robin says, "A pitiful Draconian like you will never find the ORB!"
Robin roars a battlecry!
The goblins go into a battle-frenzy!
You hit Robin but do no damage.
Your tail-slap misses Robin.
Robin is almost dead.
Robin hits you with a +6 club.
You die...
Robin calls out, "Let's celebrate!
Time for a feast!" .#. gg.

.g# #g# #g# .....#
#g# .....# #g###.....
#g##....# #@##....# #
#.##....#.#
#.##....#.##
#...........
#######†#......
.#...#...#...... #..
.#..............
#............#......
##......#...#.#......


You could see Robin (unable to see you, very poisoned), 3 hobgoblins and 4
goblins.

Vanquished Creatures
  A dart slug (D:1)
  2 endoplasms (D:1)
  3 goblins
  7 hobgoblins
  3 ball pythons (D:1)
  2 frilled lizards
  3 kobolds (D:1)
  A rat (D:1)
22 creatures vanquished.

Notes
Turn   | Place    | Note
-------+----------+-------------------------------------------
     0 | D:1      | chippings the Draconian Wanderer began the quest for the
                  | Orb.
     0 | D:1      | chippings set off with the following items: a +0 club, a
                  | potion of invisibility, a potion of mutation; and the
                  | following spells available to memorise: Sandblast, Foxfire,
                  | Passwall, Hailstorm, Petrify.
     0 | D:1      | Reached XP level 1. HP: 16/16 MP: 2/2
   139 | D:1      | Reached XP level 2. HP: 16/23 MP: 3/3
   141 | D:1      | Learned a level 1 spell: Sandblast
   803 | D:2      | Noticed Robin
   827 | D:2      | Slain by Robin

Illustrated notes

Levels and vault maps discovered:
D:1:      spicycebolla_arrival_risky_transporter, layout_loops_ring
D:2:      cheibrodos_old_hovel, layout_basic, uniq_robin, uniq_sigmund

Action                     || total
---------------------------++-------
  Melee: Dagger            ||    37
         Tailslap          ||    11
         Club              ||     3
         Short sword       ||    30
   Cast: Sandblast         ||     5
    Use: Potion            ||     1
   Stab: Sleeping          ||     3
 Armour: Skin              ||    31
  Dodge: Dodged            ||    28
